 Dungeon Crawl Stone Soup version 0.25-a0-578-gc91f01c39c (webtiles) character file.

Game seed: 5842121405701277935, levelgen mode: deterministic

34427 Kohma the Martial Artist (level 13, -2/100 HPs)
             Began as a Gnoll Transmuter on Mar 5, 2020.
             Was an Initiate of Gozag.
             Slain by a death yak (12 damage)
             ... on level 4 of the Lair of Beasts.
             The game lasted 00:56:00 (21203 turns).

Kohma the Martial Artist (Gnoll Transmuter)        Turns: 21203, Time: 00:56:01

Health: -2/100     AC: 17    Str: 14    XL:     13   Next: 77%
Magic:  21/26      EV: 11    Int: 28    God:    Gozag
Gold:   7707       SH:  6    Dex: 15    Spells: 19/31 levels left

rFire    + . .     SeeInvis .   b - +9 staff of Olgreb {rPois∞}
rCold    . . .     Gourm    .   U - +0 buckler
rNeg     . . .     Faith    .   S - +2 chain mail {rF+}
rPois    ∞         Spirit   .   J - +2 hat {MR+}
rElec    .         Reflect  .   n - +0 cloak
rCorr    .         Harm     .   k - +0 pair of gloves
MR       +....                  (no boots)
Stlth    +.........             x - amulet of the acrobat
HPRegen  0.26/turn              N - +6 ring of intelligence
MPRegen  0.20/turn              R - +2 ring of intelligence

@: no status effects
A: distributed training, fangs 1, strong nose
a: Potion Petition, Call Merchant, Bribe Branch, Renounce Religion


You were on level 4 of the Lair of Beasts.
You worshipped Gozag.
Gozag was greatly pleased with you.
You were not hungry.

You visited 3 branches of the dungeon, and saw 16 of its levels.

You collected 7803 gold pieces.
You spent 52 gold pieces at shops.
You paid 44 gold pieces to Gozag.

Inventory:

Hand Weapons
 b - the +9 staff of Olgreb (weapon) {rPois∞}
   (You found it on level 7 of the Dungeon)

   It grants immunity to poison.
 G - a +0 hand crossbow
 I - a +5 scimitar
 P - the +5 great sword of the Stoat {holy, rPois}
   (You found it on level 10 of the Dungeon)

   It has been blessed by the Shining One to cause great damage to the undead
   and demons.
   It protects you from poison.
Missiles
 a - 216 arrows
 e - 609 stones
 m - 6 javelins (quivered)
 o - 7 curare-tipped darts
 v - 48 poisoned darts
 C - 84 sling bullets
Armour
 k - a +0 pair of gloves (worn)
 n - a +0 cloak (worn)
 r - a +2 robe of fire resistance
 y - a +3 leather armour of magic resistance
 J - a +2 hat of magic resistance (worn)
 S - a +2 chain mail of fire resistance (worn)
 U - a +0 buckler (worn)
Magical Staves
 g - an uncursed staff of earth
 s - an uncursed staff of fire
 Y - an uncursed staff of summoning {unknown}
Jewellery
 x - an amulet of the acrobat (around neck)
 D - a +1 ring of slaying
 N - a +6 ring of intelligence (left hand)
 R - a +2 ring of intelligence (right hand)
Wands
 E - a wand of digging (3)
 L - a wand of random effects (31)
 Q - a wand of flame (44)
 X - a wand of paralysis (9)
Scrolls
 c - 7 scrolls of teleportation
 j - 6 scrolls of enchant armour
 l - 13 scrolls of remove curse
 p - a scroll of immolation
 t - 4 scrolls of magic mapping
 w - 4 scrolls of fog
 K - 3 scrolls of enchant weapon
 M - 3 scrolls of summoning
 T - 2 scrolls of vulnerability
 W - a scroll of amnesia
Potions
 f - 3 potions of brilliance
 h - 2 potions of might
 i - 4 potions of stabbing
 q - 2 potions of berserk rage
 u - 4 potions of flight
 z - 4 potions of haste
 A - 2 potions of curing
 B - a potion of magic
 F - 4 potions of lignification
 H - a potion of cancellation
 V - a potion of ambrosia
Comestibles
 d - 11 rations


   Skills:
 + Level 8.9 Fighting
 + Level 8.4 Short Blades
 + Level 8.4 Long Blades
 + Level 8.4 Axes
 + Level 8.4 Maces & Flails
 + Level 8.4 Polearms
 + Level 8.4 Staves
 + Level 8.4 Slings
 + Level 8.4 Bows
 + Level 8.4 Crossbows
 + Level 8.4 Throwing
 + Level 8.4 Armour
 + Level 9.6 Dodging
 + Level 8.4 Stealth
 + Level 8.4 Shields
 + Level 10.6 Unarmed Combat
 + Level 9.8 Spellcasting
 + Level 7.0 Conjurations
 + Level 7.0 Hexes
 + Level 7.0 Charms
 + Level 7.0 Summonings
 + Level 7.0 Necromancy
 + Level 7.0 Translocations
 + Level 8.1 Transmutations
 + Level 7.0 Fire Magic
 + Level 7.0 Ice Magic
 + Level 7.0 Air Magic
 + Level 7.0 Earth Magic
 + Level 7.0 Poison Magic
 + Level 9.2 Invocations
 + Level 8.4 Evocations


You had 19 spell levels left.
You knew the following spells:

 Your Spells              Type           Power        Failure   Level  Hunger
b - Sticks to Snakes      Tmut           ######..     3%          2    None
c - Spider Form           Tmut/Pois      ######....   9%          3    None
d - Confusing Touch       Hex            ######..     11%         3    None
e - Ice Form              Ice/Tmut       ######..     28%         4    None

Your spell library contained the following spells:

 Spells                   Type           Power        Failure   Level  Hunger
 Beastly Appendage        Tmut           ######       2%          1    None
 Corona                   Hex            ######.      3%          1    None
 Slow                     Hex            ######..     5%          2    None
 Gell's Gravitas          Tloc           ######....   11%         3    None
 Inner Flame              Hex/Fire       ######..     11%         3    None
 Portal Projectile        Hex/Tloc       ######       11%         3    None
 Petrify                  Tmut/Erth      ######..     28%         4    None
 Cause Fear               Hex            ######....   34%         4    None
 Leda's Liquefaction      Hex/Erth       ######....   34%         4    None
 Blade Hands              Tmut           ######....   54%         5    ####...
 Yara's Violent Unravell  Hex/Tmut       ######....   63%         5    ####...
 Metabolic Englaciation   Hex/Ice        ######....   69%         5    ####...
 Chain Lightning          Conj/Air       ######....   100%        8    #######
 Lehudib's Crystal Spear  Conj/Erth      ######....   100%        8    #######
 Fire Storm               Conj/Fire      ######....   100%        9    #######
 Glaciate                 Conj/Ice       ######....   100%        9    #######


Dungeon Overview and Level Annotations

Branches:
Dungeon (11/15)            Temple (1/1) D:4            Lair (4/6) D:11
  Swamp (0/4) Lair:4        Snake (0/4) Lair:2          Orc (0/2) D:11

Altars:
Ashenzari
Cheibriados
Dithmenos
Elyvilon
Fedhas
Gozag
Hepliaklqana
Kikubaaqudgha
Makhleb
Nemelex Xobeh
Okawaru
Qazlal
Ru
Trog
Uskayaw
Vehumet
Wu Jian
Xom
Yredelemnul
Zin
The Shining One
Beogh

Shops:
D:6 ?

Annotations:
D:5 2 runed translucent doors, ReteAZ's ghost, novice MfGl
D:11 1 runed translucent door, Duiser's ghost, journeyman GnWn
Lair:3 2 transporters, exclusion: downstairs, Fynoohai's ghost, journeyman DrAE
Lair:4 3 runed translucent doors, exclusion: 3 doors, Delarado's ghost, journeyman OpFi; a0bad's ghost, journeyman MiFi


Innate Abilities, Weirdness & Mutations

Your experience applies equally to all skills.
You have very sharp teeth.
Your uncanny sense of smell can sniff out nearby items.


Message History

Your adder bites the death yak.
The death yak is poisoned.
Your adder poisons the death yak!
Casting: Sticks to Snakes (safe; 3% risk of failure)
Confirm with . or Enter, or press ? or * to list all spells.
You create 3 snakes!
You now have 220 arrows.
Your adder bites the death yak but does no damage.
Your adder bites the death yak. x2
Your adder bites the death yak but does no damage.
Your adder completely misses the death yak.
Your adder bites the death yak but does no damage.
Casting: Sticks to Snakes (safe; 3% risk of failure)
Confirm with . or Enter, or press ? or * to list all spells.
You create 4 snakes!
You now have 216 arrows.
Your water moccasin barely misses the death yak.
Your adder bites the death yak.
The death yak looks even sicker.
Your adder poisons the death yak!
Your adder bites the death yak but does no damage.
The death yak gores you!
You die...
Your body crumbles into a pile of gold.

..### .......#..#♣W......♣#.P
.#..#####...........#⌠.......⌠#..
...D.........##.#.###♣....!..♣##.
..#......P#...#.#.###$.......!###
..............>.....##8.....8##..
.....#.P..#P.....P.#.##!♣⌠♣=##...
.......P..............#######....
....#....#P.P.SSS......P##..#....
..............SY@................
#.##.PP.......SSSSS....#.......##
####.#...........S....#........##
.................................
........##.###...........#.......
.........................[.......
.............P.#..P##P...........
.................................
##..#.#.###.#.#..#P..##.#####.P..


You could see a death yak, 2 friendly water moccasins and 8 friendly adders.

Vanquished Creatures
  Gastronok (D:9)
  2 hydras
  A queen ant (D:8)
  3 two-headed ogres
  2 tengu warriors (D:11)
  Nergalle (Lair:1)
  Maurice (D:10)
  A black mamba (Lair:3)
  2 kobold demonologists (D:11)
  5 spiny frogs
  A rime drake (Lair:4)
  4 komodo dragons
  2 polar bears
  4 hippogriffs
  14 spriggans
  2 wyverns
  15 yaks
  2 basilisks
  A hungry ghost (D:11)
  Menkaure (D:5)
  4 nagas (Lair:2)
  23 soldier ants
  An acid dragon (D:11)
  14 water moccasins
  3 sky beasts
  7 orc warriors
  7 porcupines
  A swamp drake (D:11)
  A phantom (D:8)
  5 black bears
  6 ice beasts
  A necrophage (D:8)
  An ogre (D:5)
  11 wolves
  An eye of draining (D:5)
  3 crocodiles
  3 centaurs
  A big kobold (D:8)
  13 bullfrogs
  2 scorpions
  77 killer bees
  8 wights
  2 electric eels
  3 howler monkeys
  2 crimson imps
  A centaur zombie (D:8)
  9 orc priests
  2 bullfrog zombies
  6 hounds
  A jelly (D:6)
  Crazy Yiuf (D:5)
  Terence (D:2)
  Ijyb (D:4)
  7 iguanas
  10 orc wizards
  37 worker ants
  A hound skeleton (D:5)
  A howler monkey zombie (D:5)
  A howler monkey skeleton (D:11)
  11 adders
  3 gnolls (D:4)
  A shadow imp (D:6)
  3 white imps (D:10)
  A worker ant simulacrum (D:10)
  An ufetubus (D:10)
  An adder zombie (D:8)
  2 adder skeletons
  2 worms (D:4)
  4 leopard geckos
  50 orcs
  5 giant cockroaches
  6 hobgoblins
  17 jackals
  10 quokkas
  6 bats
  3 frilled lizards
  A giant cockroach zombie (D:5)
  5 goblins (D:2)
  19 kobolds
  A leopard gecko skeleton (D:3)
  6 rats
502 creatures vanquished.

Vanquished Creatures (collateral kills)
  2 hydras
  A swamp worm (Lair:4)
  A centaur (D:6)
  A scorpion (D:4)
  Jessica (D:2)
  An adder (D:6)
  An adder skeleton (D:6)
8 creatures vanquished.

Vanquished Creatures (others)
  31 fungi
  5 plants
36 creatures vanquished.

Grand Total: 546 creatures vanquished

Notes
Turn   | Place    | Note
-------+----------+-------------------------------------------
     0 | D:1      | Kohma the Gnoll Transmuter began the quest for the Orb.
     0 | D:1      | Reached XP level 1. HP: 17/17 MP: 6/6
   120 | D:1      | Reached XP level 2. HP: 17/23 MP: 7/7
   311 | D:1      | Learned a level 2 spell: Sticks to Snakes
  1115 | D:2      | Reached XP level 3. HP: 25/28 MP: 9/9
  1138 | D:2      | Learned a level 3 spell: Spider Form
  1150 | D:2      | Reached skill level 5 in Spellcasting
  1389 | D:2      | Noticed Jessica
  1398 | D:2      | Killed Jessica
  1398 | D:2      | Reached skill level 1 in Invocations
  1503 | D:2      | Reached skill level 1 in Short Blades
  1503 | D:2      | Reached skill level 1 in Long Blades
  1503 | D:2      | Reached skill level 1 in Axes
  1503 | D:2      | Reached skill level 1 in Maces & Flails
  1503 | D:2      | Reached skill level 1 in Polearms
  1503 | D:2      | Reached skill level 1 in Staves
  1503 | D:2      | Reached skill level 1 in Slings
  1503 | D:2      | Reached skill level 1 in Bows
  1503 | D:2      | Reached skill level 1 in Crossbows
  1503 | D:2      | Reached skill level 1 in Throwing
  1503 | D:2      | Reached skill level 1 in Armour
  1503 | D:2      | Reached skill level 1 in Stealth
  1503 | D:2      | Reached skill level 1 in Shields
  1503 | D:2      | Reached skill level 1 in Evocations
  1520 | D:2      | Reached XP level 4. HP: 28/34 MP: 6/11
  1601 | D:2      | Found a glowing silver altar of Zin.
  1729 | D:2      | Noticed Terence
  1740 | D:2      | Killed Terence
  1853 | D:3      | Reached skill level 1 in Conjurations
  1853 | D:3      | Reached skill level 1 in Hexes
  1853 | D:3      | Reached skill level 1 in Charms
  1853 | D:3      | Reached skill level 1 in Summonings
  1853 | D:3      | Reached skill level 1 in Necromancy
  1853 | D:3      | Reached skill level 1 in Translocations
  1853 | D:3      | Reached skill level 1 in Fire Magic
  1853 | D:3      | Reached skill level 1 in Ice Magic
  1853 | D:3      | Reached skill level 1 in Air Magic
  1853 | D:3      | Reached skill level 1 in Earth Magic
  1853 | D:3      | Reached skill level 1 in Poison Magic
  1920 | D:3      | Reached XP level 5. HP: 35/40 MP: 8/12
  2343 | D:3      | Found an ancient bone altar of Kikubaaqudgha.
  2348 | D:3      | Found a glowing golden altar of the Shining One.
  2353 | D:3      | Found a shimmering altar of Xom.
  2553 | D:4      | Reached XP level 6. HP: 38/47 MP: 9/13
  2609 | D:4      | Noticed Ijyb
  2619 | D:4      | Paralysed by Ijyb for 2 turns
  2628 | D:4      | Killed Ijyb
  2724 | D:4      | Reached skill level 5 in Dodging
  2876 | D:4      | HP: 2/47 [poisoned by a scorpion]
  2883 | D:4      | HP: 2/47 [poisoned by a scorpion]
  2891 | D:4      | HP: 1/47 [poisoned by a scorpion]
  3263 | D:4      | Found a staircase to the Ecumenical Temple.
  3270 | D:4      | Reached XP level 7. HP: 48/52 MP: 11/15
  3277 | Temple   | Entered the Ecumenical Temple
  3412 | Temple   | Became a worshipper of Gozag Ym Sagoz the Greedy
  3439 | D:4      | Found an iron altar of Okawaru.
  3648 | D:4      | Found a radiant altar of Vehumet.
  3649 | D:4      | Found a burning altar of Makhleb.
  3786 | D:5      | Entered Level 5 of the Dungeon
  3794 | D:5      | Noticed Menkaure
  3805 | D:5      | Reached skill level 7 in Unarmed Combat
  4390 | D:5      | Found a large runed translucent door.
  4390 | D:5      | Found a large runed translucent door.
  4409 | D:5      | Killed Menkaure
  4409 | D:5      | Reached XP level 8. HP: 10/60 MP: 14/16
  4645 | D:5      | Noticed ReteAZ's ghost (novice MfGl)
  4879 | D:5      | Found a runed translucent door.
  4880 | D:5      | Noticed Crazy Yiuf
  4888 | D:5      | Killed Crazy Yiuf
  5071 | D:6      | Found a shadowy altar of Dithmenos.
  5183 | D:6      | Found Soepso Zuept's Magic Scroll Shoppe.
  5206 | D:6      | Bought a scroll of magic mapping for 52 gold pieces
  5639 | D:6      | Reached XP level 9. HP: 45/66 MP: 18/18
  5766 | D:6      | Found a blossoming altar of Fedhas.
  5803 | D:6      | Reached skill level 5 in Transmutations
  5809 | D:6      | Found a stormy altar of Qazlal.
  6000 | D:7      | Found a shadowy altar of Dithmenos.
  6002 | D:7      | Found a shattered altar of Ashenzari.
  6004 | D:7      | Found a sparkling altar of Nemelex Xobeh.
  6463 | D:7      | Reached skill level 5 in Fighting
  6672 | D:7      | Found a runed translucent gate.
  6679 | D:7      | Found a runed translucent gate.
  6679 | D:7      | Found a runed translucent gate.
  6682 | D:7      | Found a runed translucent door.
  6682 | D:7      | Found a runed translucent door.
  6701 | D:7      | Found the +9 staff of Olgreb {rPois∞}
  7132 | D:7      | Reached skill level 8 in Unarmed Combat
  7148 | D:7      | Reached skill level 5 in Invocations
  7164 | D:7      | Reached XP level 10. HP: 44/74 MP: 18/20
  7780 | D:8      | Noticed a two-headed ogre
  7790 | D:8      | Killed a two-headed ogre
  7790 | D:8      | Reached skill level 5 in Short Blades
  7790 | D:8      | Reached skill level 5 in Long Blades
  7790 | D:8      | Reached skill level 5 in Axes
  7790 | D:8      | Reached skill level 5 in Maces & Flails
  7790 | D:8      | Reached skill level 5 in Polearms
  7790 | D:8      | Reached skill level 5 in Staves
  7790 | D:8      | Reached skill level 5 in Slings
  7790 | D:8      | Reached skill level 5 in Bows
  7790 | D:8      | Reached skill level 5 in Crossbows
  7790 | D:8      | Reached skill level 5 in Throwing
  7790 | D:8      | Reached skill level 5 in Armour
  7790 | D:8      | Reached skill level 5 in Stealth
  7790 | D:8      | Reached skill level 5 in Shields
  7790 | D:8      | Reached skill level 5 in Evocations
  8310 | D:8      | Reached XP level 11. HP: 7/82 MP: 22/22
  8775 | D:8      | Noticed a queen ant
  8790 | D:8      | Killed a queen ant
  8790 | D:8      | Reached skill level 9 in Unarmed Combat
  9098 | D:8      | Reached skill level 5 in Conjurations
  9098 | D:8      | Reached skill level 5 in Hexes
  9098 | D:8      | Reached skill level 5 in Charms
  9098 | D:8      | Reached skill level 5 in Summonings
  9098 | D:8      | Reached skill level 5 in Necromancy
  9098 | D:8      | Reached skill level 5 in Translocations
  9098 | D:8      | Reached skill level 5 in Fire Magic
  9098 | D:8      | Reached skill level 5 in Ice Magic
  9098 | D:8      | Reached skill level 5 in Air Magic
  9098 | D:8      | Reached skill level 5 in Earth Magic
  9098 | D:8      | Reached skill level 5 in Poison Magic
  9658 | D:9      | Learned a level 3 spell: Confusing Touch
  9803 | D:9      | Noticed Gastronok
  9826 | D:9      | Killed Gastronok
 10912 | D:10     | Entered Level 10 of the Dungeon
 11059 | D:10     | Got a transparent great sword
 11147 | D:10     | Identified the +5 great sword of the Stoat {holy, rPois}
                  | (You found it on level 10 of the Dungeon)
 11155 | D:10     | Learned a level 4 spell: Ice Form
 11255 | D:10     | Noticed a two-headed ogre
 11263 | D:10     | Killed a two-headed ogre
 11299 | D:10     | Noticed Maurice
 11309 | D:10     | Reached XP level 12. HP: 67/91 MP: 20/24
 11317 | D:10     | Killed Maurice
 12012 | D:11     | Found a runed translucent door.
 12013 | D:11     | Noticed a fire dragon
 12014 | D:11     | Noticed Duiser's ghost (journeyman GnWn)
 12191 | D:11     | Found a staircase to the Lair.
 12850 | D:11     | Found a runed translucent door.
 12873 | D:11     | Noticed a tengu warrior
 12874 | D:11     | Noticed a tengu warrior
 12892 | D:11     | Killed a tengu warrior
 12895 | D:11     | Killed a tengu warrior
 13087 | D:11     | Found a roughly hewn altar of Beogh.
 13446 | D:11     | Found a staircase to the Orcish Mines.
 13689 | D:11     | Noticed a two-headed ogre
 13702 | D:11     | Killed a two-headed ogre
 14117 | Lair:1   | Entered Level 1 of the Lair of Beasts
 14149 | Lair:1   | Noticed Nergalle
 14187 | Lair:1   | Killed Nergalle
 14625 | Lair:1   | Reached skill level 10 in Unarmed Combat
 15209 | Lair:1   | Noticed a six-headed hydra
 15777 | Lair:1   | Killed a six-headed hydra
 16465 | Lair:2   | Found a staircase to the Snake Pit.
 16505 | Lair:2   | Reached XP level 13. HP: 37/98 MP: 26/26
 19801 | Lair:3   | Found a transporter.
 19801 | Lair:3   | Found a transporter.
 19801 | Lair:3   | Identified the cursed +1 broad axe of the Sun {protect,
                  | Str+5}
 19804 | Lair:3   | Noticed Fynoohai's ghost (journeyman DrAE)
 19805 | Lair:3   | Identified the +9 spear "Leppeku" {holy, rPois Str-3 Int-3
                  | Dex+8}
 19806 | Lair:3   | Found a bloodstained altar of Trog.
 19806 | Lair:3   | Identified the +5 spear "Eshruskaa" {chaos, Fragile rN++
                  | MP+9}
 19850 | Lair:3   | Identified a scroll of acquirement
 20480 | Lair:4   | Found a staircase to the Swamp.
 20543 | Lair:4   | Found a runed translucent gate.
 20543 | Lair:4   | Found a runed translucent gate.
 20582 | Lair:4   | Found a runed translucent gate.
 20584 | Lair:4   | Noticed Delarado's ghost (journeyman OpFi)
 20584 | Lair:4   | Noticed a0bad's ghost (journeyman MiFi)
 21177 | Lair:4   | HP: 5/100 [eight-headed hydra (12)]
 21203 | Lair:4   | Slain by a death yak

Levels and vault maps discovered:
D:1:      dpeg_arrival_fog, layout_loops_ring
D:2:      minmay_wonky_spiral, layout_loops_ring, zin_statuary, first_ration,
          minmay_tetromino_t2, uniq_terence, uniq_jessica
D:3:      layout_loops_cross, grunt_temple_overflow_diamond
D:4:      layout_rooms, grunt_temple_overflow_lords_of_destruction,
          kennysheep_mini, minmay_temple_entry_gardened_gates, uniq_ijyb
D:5:      layout_rooms, ebering_ghost_disaster_area, roderic_roman_lattice,
          uniq_crazy_yiuf_cottage, uniq_menkaure
D:6:      layout_cave_pools, nicolae_overflow_hidden_temple, marbit_many_paths,
          basic_altar, serial_shops, shop_fountains, minivault_26
D:7:      layout_basic, grunt_temple_overflow_open, the_bakery,
          minmay_guarded_unrand_staff_of_olgreb
D:8:      layout_basic, minivault_29
D:9:      layout_gridville, uniq_gastronok
D:10:     layout_stronghold, serial_ice, serial_ice_o, serial_ice_i,
          serial_ice_g, serial_ice_d, serial_ice_e, serial_ice_a,
          corexii_corridor_pit, uniq_maurice
D:11:     layout_roguey, due_lair_maze_entry_diamond, erik_orc_1,
          ebering_ghost_inner_flame, serial_rivers,
          chequers_serial_rivers_micro_c, chequers_serial_rivers_marsh,
          chequers_serial_rivers_micro_d, chequers_serial_rivers_micro_d,
          lightli_church_of_beogh
Temple:   jpeg_temple_island
Lair:1:   cheibrodos_lair_river_kwai, layout_long_grid, serial_bayou,
          serial_bayou_pond_e, serial_bayou_crossing, serial_bayou_pond_a,
          serial_bayou_shore_b, uniq_nergalle
Lair:2:   layout_roguey, guppyfry_snake_entry_island,
          grunt_forest_stairs_clearing, infiniplex_staircase_pool
Lair:3:   wad_woods_minihive, layout_regular_city,
          gammafunk_ghost_wrathful_warriors
Lair:4:   lemuel_reptile_caves, layout_long_grid, palyth_hydra_swamp_entry,
          gammafunk_ghost_cemetery, minmay_shattered_shrine

Skill      XL: |  1  2  3  4  5  6  7  8  9 10 11 12 13 |
---------------+----------------------------------------+-----
Spellcasting   | 5 6 7 8 9 |  9.8
Invocations    | 1 2 3 4 5 6 7 8 9 |  9.2
Short Blades   | 1 2 3 4 5 6 7 8 |  8.4
Long Blades    | 1 2 3 4 5 6 7 8 |  8.4
Axes           | 1 2 3 4 5 6 7 8 |  8.4
Maces & Flails | 1 2 3 4 5 6 7 8 |  8.4
Polearms       | 1 2 3 4 5 6 7 8 |  8.4
Staves         | 1 2 3 4 5 6 7 8 |  8.4
Slings         | 1 2 3 4 5 6 7 8 |  8.4
Bows           | 1 2 3 4 5 6 7 8 |  8.4
Crossbows      | 1 2 3 4 5 6 7 8 |  8.4
Throwing       | 1 2 3 4 5 6 7 8 |  8.4
Armour         | 1 2 3 4 5 6 7 8 |  8.4
Stealth        | 1 2 3 4 5 6 7 8 |  8.4
Shields        | 1 2 3 4 5 6 7 8 |  8.4
Evocations     | 1 2 3 4 5 6 7 8 |  8.4
Conjurations   | 1 2 3 4 5 6 7 |  7.0
Hexes          | 1 2 3 4 5 6 7 |  7.0
Charms         | 1 2 3 4 5 6 7 |  7.0
Summonings     | 1 2 3 4 5 6 7 |  7.0
Necromancy     | 1 2 3 4 5 6 7 |  7.0
Translocations | 1 2 3 4 5 6 7 |  7.0
Fire Magic     | 1 2 3 4 5 6 7 |  7.0
Ice Magic      | 1 2 3 4 5 6 7 |  7.0
Air Magic      | 1 2 3 4 5 6 7 |  7.0
Earth Magic    | 1 2 3 4 5 6 7 |  7.0
Poison Magic   | 1 2 3 4 5 6 7 |  7.0
Fighting       | 3 4 5 6 7 8 |  8.9
Transmutations | 4 5 6 7 8 |  8.1
Dodging        | 5 6 7 8 9 |  9.6
Unarmed Combat | 7 8 9 10 | 10.6

Action                   |  1- 3 |  4- 6 |  7- 9 | 10-12 | 13-15 || total
-------------------------+-------+-------+-------+-------+-------++-------
Melee: Unarmed           |   107 |   147 |   334 |    31 |     6 ||   625
       Bite              |    11 |     9 |    12 |   106 |    43 ||   181
       Kick              |     5 |       |       |       |       ||     5
       Punch             |     3 |       |     5 |    31 |     5 ||    44
       Staff             |       |       |       |   790 |   403 ||  1193
Throw: Dart              |       |       |    10 |       |       ||    10
       Javelin           |       |       |       |     3 |    11 ||    14
 Cast: Beastly Appendage |     6 |       |       |       |       ||     6
       Sticks to Snakes  |     6 |     2 |       |     9 |    15 ||    32
       Spider Form       |     2 |    10 |    20 |     3 |     1 ||    36
       Confusing Touch   |       |       |       |       |     4 ||     4
Evoke: Staff of Olgreb   |       |       |       |    17 |     9 ||    26
       Wand              |       |       |       |     3 |     4 ||     7
  Use: Potion            |       |       |     3 |     1 |       ||     4
       Scroll            |       |       |    19 |     7 |     5 ||    31
 Stab: Sleeping          |     1 |     4 |     4 |    14 |       ||    23
       Distracted        |       |       |     3 |     6 |     3 ||    12
       Confused          |       |       |       |       |     3 ||     3
  Eat: Chunk             |     2 |     6 |     1 |       |       ||     9
       Ration            |       |       |     4 |     9 |     5 ||    18
Armor: Robe              |    14 |    14 |       |       |       ||    28
       Skin              |     1 |     3 |     7 |       |       ||    11
       Leather armour    |       |     3 |    21 |   194 |     4 ||   222
       Chain mail        |       |       |       |       |   256 ||   256
Dodge: Dodged            |    67 |   126 |   295 |   663 |   291 ||  1442
Block: Buckler           |       |       |       |       |    60 ||    60

Table legend:
 A = Non-vault XP
 B = Vault XP
 C = Vault XP percentage of total XP
 D = Non-vault monster count
 E = Vault monster count
 F = Vault count percentage of total count
                 A         B        C        D         E       F
            +---------+---------+-------+---------+---------+-------
      Total |   23770 |   25412 |  51.7 |     296 |     214 |  42.0
            +---------+---------+-------+---------+---------+-------
        D:1 |      31 |       0 |   0.0 |      18 |       0 |   0.0
        D:2 |      34 |      63 |  64.9 |      14 |       6 |  30.0
        D:3 |      99 |       0 |   0.0 |      26 |       0 |   0.0
        D:4 |     441 |      86 |  16.3 |      21 |       2 |   8.7
        D:5 |     509 |     209 |  29.1 |      15 |       2 |  11.8
        D:6 |     980 |      42 |   4.1 |      26 |       1 |   3.7
        D:7 |     880 |    2003 |  69.5 |      17 |      23 |  57.5
        D:8 |    2324 |    4744 |  67.1 |      41 |      41 |  50.0
        D:9 |    1754 |    2130 |  54.8 |      25 |       1 |   3.8
       D:10 |    1725 |    1100 |  38.9 |      12 |      10 |  45.5
       D:11 |    5381 |    2539 |  32.1 |      36 |      39 |  52.0
     Lair:1 |    1646 |    2559 |  60.9 |       9 |       7 |  43.8
     Lair:2 |    3814 |    1656 |  30.3 |      13 |      10 |  43.5
     Lair:3 |    2507 |    5788 |  69.8 |      15 |      61 |  80.3
     Lair:4 |    1645 |    2493 |  60.2 |       8 |      11 |  57.9
            +---------+---------+-------+---------+---------+-------
